 Dungeon Crawl Stone Soup version 0.27-a0-1500-g450c7e4133 (webtiles) character file.

Game seed: 9007700751459101540

234 wakim the Chiller (level 5, -2/27 (28) HPs)
             Began as a Deep Elf Ice Elementalist on July 7, 2021.
             Slain by a wight (5 damage)
             ... on level 6 of the Dungeon.
             The game lasted 00:13:03 (4310 turns).

wakim the Chiller (Deep Elf Ice Elementalist)       Turns: 4310, Time: 00:13:04

HP:   -2/27 (28)    AC: 11    Str:  5    XL:     5   Next: 75%
MP:   6/13          EV: 13    Int: 21    God:
Gold: 1287          SH:  0    Dex: 15    Spells: 5/12 levels left

rFire    . . .     SeeInvis .   a - +3 dagger
rCold    . . .     Faith    .   (no shield)
rNeg     . . .     Spirit   .   e - +0 robe
rPois    .         Reflect  .   k - +0 helmet
rElec    .         Harm     .   d - +0 cloak
rCorr    .         Rampage  .   (no gloves)
Will     .....                  (no boots)
Stlth    ++........             (no amulet)
HPRegen  0.09/turn              (no ring)
MPRegen  0.13/turn              (no ring)

@: ice-armoured, freezing walls, lightly drained
A: no striking features
a: no special abilities


You were on level 6 of the Dungeon.
You visited 1 branch of the dungeon, and saw 6 of its levels.

You collected 1287 gold pieces.

Inventory:

Hand Weapons
 a - a +3 dagger (weapon)
Armour
 b - a scarf of resistance
 d - a +0 cloak (worn)
 e - a +0 robe (worn)
 k - a +0 helmet (worn)
Jewellery
 h - a ring of ice
Scrolls
 r - a scroll of identify
 T - 2 scrolls of teleportation
 Y - 3 scrolls of blinking {!r}
Potions
 C - 2 potions of berserk rage {!q}
 F - 3 potions of curing
 G - a potion of flight
 L - 2 potions of lignification {!q}


   Skills:
 + Level 4.3 Dodging
 - Level 2.4 Stealth
 - Level 4.0 Spellcasting
 * Level 6.6 Ice Magic


You had 5 spell levels left.
You knew the following spells:

 Your Spells              Type           Power      Damage    Failure   Level
a - Freeze                Ice            100%       1d11      1%          1
b - Frozen Ramparts       Ice            64%        1d8       2%          3
c - Ozocubu's Armour      Ice            32%        N/A       2%          3

Your spell library contained the following spells:

 Spells                   Type           Power      Damage    Failure   Level
 Ensorcelled Hibernation  Hex/Ice        36%        N/A       4%          2
 Magic Dart               Conj           16%        1d3       12%         1
 Searing Ray              Conj           8%         3d3       19%         2
 Hailstorm                Conj/Ice       18%        3d6       30%         4
 Spider Form              Tmut/Pois      2%         N/A       34%         3
 Metabolic Englaciation   Hex/Ice        9%         N/A       65%         5
 Fulminant Prism          Conj/Hex       2%         3d6       75%         4
 Simulacrum               Ice/Necr       9%         N/A       99%         6
 Shadow Creatures         Summ           N/A        N/A       100%        6
 Ozocubu's Refrigeration  Ice            16%        4d8       100%        7


Dungeon Overview and Level Annotations

Branches:
Dungeon (5/15)
 Temple: D:4-7

Altars:

Shops:
D:1 (   D:2 [   D:3 *


Message History

* * * LOW HITPOINT WARNING * * *
You are too injured to fight recklessly!
Unknown command.
Casting: Frozen Ramparts (dangerous; 2% risk of failure)
Confirm with . or Enter, or press ? or * to list all spells.
The walls around you are covered in ice.
The wight completely resists.
The wall freezes the wight but does no damage.
The wight completely resists.
The wall freezes the wight but does no damage.
The wight resists.
The wall freezes the wight.
The wall freezes the bullfrog.
The bullfrog seems to slow down.
The bullfrog completely misses you.
The shadow imp shouts, "Scamper away, thou clouted spleeny gudgeon!"
Casting: Frozen Ramparts (dangerous; 2% risk of failure)
Confirm with . or Enter, or press ? or * to list all spells.
A film of ice covers your body!
The wight resists.
The wall freezes the wight.
The wight completely misses you.
The wight resists.
The wall freezes the wight.
The wall freezes the scorpion.
The wall freezes the bullfrog!
The bullfrog barely misses you.
The shadow imp resists.
The wall freezes the shadow imp.
The wight completely resists.
The wall freezes the wight but does no damage.
The wight resists.
The wall freezes the wight.
The wight hits you with a +0 dagger.
* * * LOW HITPOINT WARNING * * *
You feel drained.
The wall freezes the scorpion.
The wight completely resists.
The wall freezes the wight but does no damage.
The wall freezes the bullfrog.
The bullfrog closely misses you. The wight hits you but does no damage.
The shadow imp resists.
The wall freezes the shadow imp.
The shadow imp gestures at you.
You struggle to resist.
You hit the wight but do no damage.
The wall freezes the scorpion.
The wight completely resists.
The wall freezes the wight but does no damage.
The wight hits you with a +0 dagger.
* * * LOW HITPOINT WARNING * * *
The wight resists.
The wall freezes the wight.
The wall freezes the bullfrog.
You kill the bullfrog!
The wight hits you with a +0 falchion.
You die...

........)...##
?............#
..............#
.......)......#
.......<......#
..............#
.......zzO...##
#.....#z.s..##
.##..5@#####
......z.#
#..#....#
##.#....#
...#### #..#
.... =##


You could see an ogre, a scorpion, 4 wights and a shadow imp.

Vanquished Creatures
  A bullfrog (D:6)
  A hound (D:4)
  Crazy Yiuf (D:3)
  An orc wizard (D:4)
  6 adders
  2 worms
  3 dart slugs
  5 orcs
  3 bats
  8 endoplasms
  6 giant cockroaches
  5 goblins
  6 hobgoblins
  6 jackals (D:1)
  6 quokkas
  3 ball pythons
  4 frilled lizards
  8 kobolds
  3 rats (D:2)
78 creatures vanquished.

Vanquished Creatures (others)
  9 plants (D:4)
9 creatures vanquished.

Grand Total: 87 creatures vanquished

Notes
Turn   | Place    | Note
-------+----------+-------------------------------------------
     0 | D:1      | wakim the Deep Elf Ice Elementalist began the quest for the
                  | Orb.
     0 | D:1      | Reached XP level 1. HP: 10/10 MP: 6/6
   213 | D:1      | Reached XP level 2. HP: 15/15 MP: 4/8
   458 | D:1      | Reached skill level 5 in Ice Magic
   518 | D:1      | Found Qoitwij's Weapon Shoppe.
   746 | D:1      | Reached XP level 3. HP: 19/19 MP: 6/9
  1122 | D:2      | Learned a level 3 spell: Frozen Ramparts
  1126 | D:2      | Learned a level 3 spell: Ozocubu's Armour
  1698 | D:2      | Reached XP level 4. HP: 24/24 MP: 6/10
  2105 | D:2      | Found Oduuz's Antique Armour Shoppe.
  2299 | D:3      | Identified a scroll of acquirement
  2299 | D:3      | Acquired Ozocubu's Autobiography
  2348 | D:3      | Found Lacatz's General Store.
  2696 | D:3      | Found a runed translucent door.
  2697 | D:3      | Noticed Crazy Yiuf
  2704 | D:3      | Killed Crazy Yiuf
  2705 | D:3      | Reached skill level 6 in Ice Magic
  2705 | D:3      | Reached XP level 5. HP: 28/28 MP: 4/12
  3258 | D:3      | Acquired 1103 gold pieces
  4228 | D:5      | Entered Level 5 of the Dungeon
  4284 | D:5      | You fall into a shaft and drop 1 floor!
  4289 | D:6      | Noticed an ogre
  4310 | D:6      | Slain by a wight

Illustrated notes

Levels and vault maps discovered:
D:1:      ebering_trefoil_twist, layout_loops_ring, serial_shops,
          nicolae_shop_trees
D:2:      layout_loops_ring, serial_shops, nicolae_shop_statue_plus
D:3:      layout_loops_ring, serial_shops, nicolae_square_shop,
          grunt_ministairs_12, uniq_crazy_yiuf_cottage
D:4:      cheibrodos_old_hovel, layout_rooms
D:5:      layout_cave_pools, okawaru_gym_becter,
          minmay_temple_entry_gardened_gates
D:6:      layout_rooms, gup_sewer_entry_pipe

Skill      XL: |  1  2  3  4  5 |
---------------+----------------+-----
Dodging        | 3 4 |  4.3
Ice Magic      | 5 6 |  6.6
Spellcasting   | 4 |  4.0
Stealth        | |  2.4

Action                   |  1- 3 |  4- 6 || total
-------------------------+-------+-------++-------
Melee: Unarmed           |     2 |       ||     2
       Dagger            |       |     9 ||     9
 Cast: Freeze            |    44 |     6 ||    50
       Frozen Ramparts   |     9 |    33 ||    42
       Ozocubu's Armour  |       |     2 ||     2
  Use: Scroll            |       |    12 ||    12
 Stab: Sleeping          |       |     1 ||     1
Armor: Robe              |     5 |     7 ||    12
Dodge: Dodged            |    16 |    25 ||    41

Table legend: (Time is in decaauts)
 A = Elapsed time spent in this place.
 B = Non-inter-level travel time spent in this place.
 C = Inter-level travel time spent in this place.
 D = Time resting spent in this place.
 E = Time spent auto-exploring this place.
 F = Levels seen in this place.
 G = Mean time per level.
                   A        B        C        D        E       F      G
               +--------+--------+--------+--------+--------+-----+--------+
         Total |   4308 |   4160 |    148 |      0 |   3584 |   6 |  718.0 |
       Dungeon |   4308 |   4160 |    148 |      0 |   3584 |   6 |  718.0 |
               +--------+--------+--------+--------+--------+-----+--------+

Top non-repeatable levels by time:
     D:3: 1153 daAuts
     D:2: 1151 daAuts
     D:1: 1102 daAuts
     D:4: 819 daAuts
     D:5: 55 daAuts
     D:6: 25 daAuts
